 Dungeon Crawl Stone Soup version 0.23.2-33-g5129a83184 (webtiles) character file.

Game seed: 4518574574313541713

714 t4s4d4r the Poker (level 7, -1/50 HPs)
             Began as a Merfolk Summoner on July 21, 2019.
             Was an Initiate of Sif Muna.
             Slain by a hippogriff (3 damage)
             ... on level 7 of the Dungeon.
             The game lasted 00:11:55 (8770 turns).

t4s4d4r the Poker (Merfolk Summoner)                Turns: 8770, Time: 00:11:56

Health: -1/50      AC:  5    Str:  9    XL:     7   Next: 69%
Magic:  6/12       EV: 12    Int: 15    God:    Sif Muna [......]
Gold:   329        SH:  0    Dex: 15    Spells: 2/12 levels left

rFire    + + .     SeeInvis .   m - +1 trident
rCold    + . .     Gourm    .   (no shield)
rNeg     . . .     Faith    .   e - +0 leather armour
rPois    .         Spirit   .   (no helmet)
rElec    .         Reflect  .   v - scarf {rC+ rF+}
rCorr    .         Harm     .   (no gloves)
MR       .....                  (no boots)
Stlth    ++........             o - amulet of Zunnoi {Acrobat +Inv}
HPRegen  0.16/turn              f - +2 ring of protection
MPRegen  0.13/turn              d - ring of protection from fire

@: very slightly contaminated
A: change form in water, swift swim, stealthy swim
a: Renounce Religion, Evoke Invisibility


You were on level 7 of the Dungeon.
You worshipped Sif Muna.
Sif Muna was noncommittal.
You were not hungry.

You visited 2 branches of the dungeon, and saw 8 of its levels.

You collected 329 gold pieces.

Inventory:

Hand Weapons
 m - a +1 trident (weapon)
 r - a +0 glaive
 s - a +0 halberd
Missiles
 i - 194 stones (quivered)
Armour
 e - a +0 leather armour (worn)
 u - a +0 buckler
 v - a scarf of resistance (worn)
 x - a scarf of cloud immunity
Jewellery
 d - a ring of protection from fire (right hand)
 f - a +2 ring of protection (left hand)
 o - the amulet of Zunnoi (around neck) {Acrobat +Inv}
   (You found it on level 4 of the Dungeon)

   [amulet of the acrobat]

   It helps you evade while moving and waiting.
   It lets you turn invisible.
Wands
 p - a wand of polymorph (16)
Scrolls
 a - a scroll of fog {unknown}
 b - a scroll of enchant armour {unknown}
 h - 2 scrolls of magic mapping
 k - 3 scrolls of identify
 l - 5 scrolls of amnesia
 n - a scroll of blinking
 w - 2 scrolls of remove curse
 y - a scroll of noise {unknown}
Potions
 g - a potion of flight
 j - a potion of brilliance
 q - a potion of agility
 t - 2 potions of might {unknown}
Comestibles
 c - 12 rations
 z - a chunk of flesh


   Skills:
 - Level 2.1 Fighting
 + Level 6.7 Polearms
 - Level 2.6 Dodging
 - Level 2.1 Stealth
 - Level 3.4 Spellcasting
 - Level 6.1 Summonings
 + Level 2.6 Ice Magic


You had 2 spell levels left.
You knew the following spells:

 Your Spells              Type           Power        Failure   Level  Hunger
a - Summon Small Mammal   Summ           ###.         2%          1    None
b - Call Imp              Summ           ###.....     3%          2    ##.....
c - Call Canine Familiar  Summ           ###.....     7%          3    ###....
d - Summon Ice Beast      Ice/Summ       ###.....     41%         4    ####...

Your spell library contained the following spells:

 Spells                   Type           Power        Failure   Level  Hunger
 Sandblast                Erth           #.....       26%         1    None
 Passwall                 Tmut/Erth      #.......     38%         2    ##.....
 Summon Guardian Golem    Hex/Summ       ##......     22%         3    ###....
 Summon Lightning Spire   Summ/Air       ##......     58%         4    ####...
 Stone Arrow              Conj/Erth      #.....       63%         3    ###....
 Petrify                  Tmut/Erth      #.......     95%         4    ####...
 Lee's Rapid Deconstruct  Erth           #.........   100%        5    ######.


Dungeon Overview and Level Annotations

Branches:
Dungeon (7/15)             Temple (1/1) D:6

Altars:
Cheibriados
Elyvilon
Fedhas
Hepliaklqana
Kikubaaqudgha
Makhleb
Nemelex Xobeh
Okawaru
Qazlal
Ru
Sif Muna
Trog
Uskayaw
Vehumet
Wu Jian
Xom
Yredelemnul
The Shining One

Shops:
D:5 *


Message History

You hit the hippogriff.
The hippogriff is almost dead.
Your hound bites the hippogriff.
Your crimson imp blinks!
The hippogriff bites you but does no damage.
The hippogriff pecks you.
* * * LOW HITPOINT WARNING * * *
The hippogriff claws you but does no damage.
Attack whom?
Press: ? - help, Dir - move target cursor, f/p - hippogriff
Aim: a hippogriff (almost dead)
You barely miss the hippogriff.
The hippogriff is almost dead.
Your hound completely misses the hippogriff.
Your hound barely misses the hippogriff.
The hippogriff bites you but does no damage.
The hippogriff pecks you!
* * * LOW HITPOINT WARNING * * *
The hippogriff claws you.
You die...

#####...##.#.#.. ..#.#.#..#
...........#.#.###.#.#.#<..
...........#.#.#<#.#.#'#...
.....................).....
...........#.#.#.#.#.....#.
...........#.#.#.#.#.....#.
.......ยง...#.#.#.#.#.......
.........h.#.#.#.#.#.#+####
....5....H@#.#...#.#.#
...........#.#####.#.#
.....(....##.. ..#..
##+########### ###


You could see a hippogriff, a friendly hound and a friendly crimson imp.

Vanquished Creatures
  A sky beast (D:6)
  A bullfrog (D:6)
  A scorpion (D:4)
  2 orc wizards
  3 worker ants
  A gnoll (D:5)
  2 adders (D:2)
  A shadow imp (D:7)
  A dart slug (D:3)
  A leopard gecko (D:5)
  7 orcs
  2 ball pythons
  4 giant cockroaches
  6 goblins
  4 hobgoblins
  8 jackals
  3 quokkas
  4 bats
  2 frilled lizards
  2 kobolds
  6 rats
62 creatures vanquished.

Vanquished Creatures (collateral kills)
  A phantom (D:6)
  A howler monkey (D:7)
  A jelly (D:2)
  A bullfrog skeleton (D:5)
  A gnoll shaman (D:5)
  2 orc wizards (D:4)
  2 iguanas
  A worker ant (D:7)
  A killer bee zombie (D:5)
  3 gnolls (D:5)
  6 adders
  An ooze (D:3)
  2 orcs
  4 giant cockroaches
  2 goblins (D:3)
  3 hobgoblins
  4 jackals
  A quokka (D:5)
  4 kobolds
  A rat (D:3)
42 creatures vanquished.

Vanquished Creatures (others)
  An orc (D:5)
1 creature vanquished.

Grand Total: 105 creatures vanquished

Notes
Turn   | Place    | Note
-------+----------+-------------------------------------------
     0 | D:1      | t4s4d4r the Merfolk Summoner began the quest for the Orb.
     0 | D:1      | Reached XP level 1. HP: 13/13 MP: 3/3
   570 | D:1      | Reached XP level 2. HP: 11/19 MP: 2/5
  1478 | D:2      | Reached XP level 3. HP: 13/24 MP: 5/7
  1982 | D:2      | Learned a level 2 spell: Call Imp
  1986 | D:2      | Learned a level 3 spell: Call Canine Familiar
  2099 | D:2      | Reached skill level 1 in Polearms
  2099 | D:2      | Reached XP level 4. HP: 11/30 MP: 2/9
  2961 | D:3      | Reached XP level 5. HP: 6/35 MP: 1/10
  3450 | D:3      | Learned a level 4 spell: Summon Ice Beast
  4160 | D:4      | Got a bound ruby amulet
  4479 | D:4      | Reached skill level 5 in Summonings
  4715 | D:4      | HP: 1/35 [poisoned by a scorpion]
  4724 | D:4      | HP: 1/52 [poisoned by a scorpion]
  4725 | D:4      | Reached skill level 1 in Fighting
  4725 | D:4      | Reached XP level 6. HP: 2/43 MP: 1/11
  4729 | D:4      | HP: 2/64 [poisoned by a scorpion]
  4735 | D:4      | HP: 1/64 [poisoned by a scorpion]
  4741 | D:4      | HP: 1/64 [poisoned by a scorpion]
  5598 | D:5      | Entered Level 5 of the Dungeon
  6246 | D:5      | Found a stormy altar of Qazlal.
  6516 | D:5      | Found a hide-covered altar of Uskayaw.
  6574 | D:5      | Reached skill level 5 in Polearms
  6756 | D:5      | Found Umichaar's Assorted Antiques.
  6970 | D:5      | Identified the amulet of Zunnoi {Acrobat +Inv} (You found
                  | it on level 4 of the Dungeon)
  7324 | D:6      | Noticed a sky beast
  7336 | D:6      | Killed a sky beast
  7336 | D:6      | Reached XP level 7. HP: 34/50 MP: 9/12
  7455 | D:6      | Found a staircase to the Ecumenical Temple.
  7476 | Temple   | Entered the Ecumenical Temple
  7573 | Temple   | Became a worshipper of Sif Muna the Loreminder
  7978 | D:6      | Found a blossoming altar of Fedhas.
  8071 | D:6      | Reached skill level 1 in Ice Magic
  8518 | D:7      | Noticed a hippogriff
  8754 | D:7      | Noticed a hippogriff
  8770 | D:7      | HP: 2/50 [hippogriff (7)]
  8770 | D:7      | Slain by a hippogriff

Skill      XL: |  1  2  3  4  5  6  7 |
---------------+----------------------+-----
Spellcasting   | 3 |  3.4
Polearms       | 1 3 4 5 6 |  6.7
Summonings     | 5 6 |  6.1
Fighting       | 1 2 |  2.1
Ice Magic      | 2 |  2.6
Dodging        | |  2.6
Stealth        | |  2.1

Action                   |  1- 3 |  4- 6 |  7- 9 || total
-------------------------+-------+-------+-------++-------
Melee: Short sword       |    24 |       |       ||    24
       Dagger            |    16 |       |       ||    16
       Spear             |    50 |    21 |       ||    71
       Trident           |       |   221 |    64 ||   285
 Cast: Summon Small Mamm |    13 |       |       ||    13
       Call Imp          |     5 |     6 |     1 ||    12
       Call Canine Famil |       |    24 |     9 ||    33
  Use: Potion            |       |     4 |       ||     4
       Scroll            |       |    11 |       ||    11
 Stab: Sleeping          |     3 |     4 |     2 ||     9
       Distracted        |     1 |     2 |     1 ||     4
  Eat: Chunk             |     4 |    14 |     4 ||    22
       Ration            |       |     1 |     1 ||     2
Armor: Robe              |    25 |    42 |       ||    67
       Leather armour    |       |    39 |     5 ||    44
       Skin              |       |     2 |       ||     2
Dodge: Dodged            |    80 |   174 |    23 ||   277
